 Dungeon Crawl Stone Soup version 0.21.1-1-g345015fe64 (webtiles) character file.

39058 Jannitor the Cleaver (level 14, -1/74 HPs)
             Began as a Vine Stalker Necromancer on June 30, 2018.
             Was the Champion of Makhleb.
             Slain by a chaos spawn (3 damage)
             ... summoned by an orc sorcerer
             ... while paralysed by an orc sorcerer
             ... on level 2 of the Orcish Mines.
             The game lasted 00:45:56 (19818 turns).

Jannitor the Cleaver (Vine Stalker Necromancer)    Turns: 19818, Time: 00:45:57

Health: -1/74      AC:  7    Str: 17      XL:     14   Next: 4%
Magic:  0/27       EV:  2    Int: 13 (16) God:    Makhleb [******]
Gold:   1479       SH:  0    Dex: 17      Spells: 17/30 levels left

rFire    . . .     SeeInvis +   E - +0 war axe (vamp)
rCold    . . .     Gourm    .   g - +0 shield
rNeg     . . .     Faith    .   y - +0 troll leather armour
rPois    .         Spirit   +   U - +0 helmet
rElec    .         Reflect  .   M - +0 cloak
rCorr    +         Harm     .   w - +0 pair of gloves of Otoixa {Regen+ rCorr Str+2}
MR       +....                  (no boots)
Stlth    ++........             v - amulet of rage
HPRegen  1.82/turn              s - ring of wizardry
MPRegen  0.20/turn              f - ring of see invisible

@: paralysed, drained
A: fangs 3, hooves 1, thin skeletal structure 1, sense surroundings 1,
regeneration 2, magic shield, antimagic bite, no potion heal 3, rot immunity
a: Minor Destruction, Lesser Servant of Makhleb, Major Destruction, Greater
Servant of Makhleb, Renounce Religion, Evoke Berserk Rage


You were on level 2 of the Orcish Mines.
You worshipped Makhleb.
Makhleb was exalted by your worship.
You were not hungry.

You visited 4 branches of the dungeon, and saw 20 of its levels.
You also visited: Bailey and Volcano.

You collected 1615 gold pieces.
You spent 136 gold pieces at shops.

Inventory:

Hand Weapons
 E - a +0 vampiric war axe (weapon)
 G - a +1 broad axe of flaming
 L - a +1 broad axe of draining
 N - a +0 war axe of electrocution
Missiles
 J - a throwing net (quivered)
Armour
 g - a +0 shield (worn)
 u - a +1 chain mail of fire resistance
 w - the +0 pair of gloves of Otoixa (worn) {Regen+ rCorr Str+2}
   (You acquired it on level 11 of the Dungeon)

   It affects your strength (+2).
   It increases your rate of regeneration.
   It protects you from acid and corrosion.
 y - a +0 troll leather armour (worn)
 I - a +2 ring mail of fire resistance
 M - a +0 cloak (worn)
 P - a +0 scale mail of poison resistance
 Q - a +2 leather armour of cold resistance
 R - a +0 buckler
 U - a +0 helmet (worn)
Jewellery
 f - a ring of see invisible (right hand)
 s - a ring of wizardry (left hand)
 v - an amulet of rage (around neck)
 O - an uncursed ring of positive energy
Wands
 b - a wand of random effects (15)
 i - a wand of digging (11)
 A - a wand of enslavement (21)
 C - a wand of acid (3)
 V - a wand of paralysis (27)
 W - a wand of iceblast (15)
 X - a wand of scattershot (3)
 Z - a wand of disintegration (14)
Scrolls
 d - 8 scrolls of remove curse
 e - 3 scrolls of fear
 j - 4 scrolls of identify
 l - a scroll of brand weapon
 p - 2 scrolls of fog
 q - 4 scrolls of amnesia
 r - 2 scrolls of magic mapping
 x - a scroll of enchant armour
 S - 2 scrolls of blinking
Potions
 a - 3 potions of magic
 h - 6 potions of mutation
 k - a potion of haste
 m - 8 potions of curing
 n - 5 potions of brilliance
 o - 4 potions of flight
 t - 2 potions of invisibility
 z - 3 potions of agility
 B - a potion of cancellation
 D - 2 potions of berserk rage
 F - 2 potions of resistance
 H - a potion of lignification
 Y - 8 potions of might
Comestibles
 c - 28 rations


   Skills:
 + Level 8.4(7.4) Fighting
 * Level 12.2(11.1) Axes
 + Level 2.8(1.9) Armour
 - Level 5.0(4.1) Dodging
 - Level 2.8(2.0) Stealth
 * Level 5.8(4.8) Shields
 - Level 8.5(7.5) Spellcasting
 - Level 9.4(8.4) Necromancy
 - Level 6.3(5.4) Earth Magic
 + Level 6.5(5.6) Invocations


You had 17 spell levels left.
You knew the following spells:

 Your Spells              Type           Power        Failure   Level  Hunger
a - Pain                  Necr           ####         1%          1    None
b - Animate Skeleton      Necr           N/A          1%          1    None
c - Regeneration          Chrm/Necr      ###.......   14%         3    ##.....
d - Vampiric Draining     Necr           ####......   2%          3    ##.....
e - Borgnjor's Vile Clut  Necr/Erth      ###.......   38%         5    ######.


Dungeon Overview and Level Annotations

Branches:
Dungeon (11/15)            Temple (1/1) D:5            Lair (6/6) D:9
  Swamp (0/4) Lair:2        Snake (0/4) Lair:4        Slime (0/5) Lair:5
    Orc (2/2) D:11            Elf (0/3) Orc:2

Altars:
Ashenzari
Cheibriados
Elyvilon
Fedhas
Kikubaaqudgha
Makhleb
Nemelex Xobeh
Okawaru
Sif Muna
Trog
Uskayaw
Vehumet
Yredelemnul
Zin
The Shining One
Beogh

Shops:
D:4 [   Orc:2 [=*(

Annotations:
D:2 1 exclusion
D:8 exclusions: skeleton and wraith
D:10 Erolcha
Lair:3 exclusions: hydra and water moccasin
Lair:4 exclusion: hydra


Innate Abilities, Weirdness & Mutations

You have razor-sharp teeth.
You heal very quickly.
When hurt, damage is shared between your health and your magic reserves.
Your bite disrupts and absorbs the magic of your enemies.
Potions cannot restore your health.
You are immune to rotting.
You have large cloven feet.
You have a somewhat thin skeletal structure. (Dex +2, Stealth)
You passively map a small area around you.


Message History

The orc sorcerer says, "Dogrw nutew berg."
The orc sorcerer casts a spell.
The chaos spawn gores you!
You are engulfed in flames!
The orc warrior hits your orange demon with a short sword.
Your orange demon stings the orc warrior.
The orc warrior looks as sick as possible!
Your orange demon poisons the orc warrior!
Your orange demon closely misses the orc warrior.
The orc sorcerer hits you with a dagger.
The red devil hits you from afar with a trident.
Your skin stops crawling.
The orc warrior dies!
Makhleb accepts your kill. The chaos spawn gores you.
Your orange demon closely misses the orc sorcerer.
The orc sorcerer gestures at you while chanting.
The bolt of fire hits you!
* * * LOW HITPOINT WARNING * * *
The chaos spawn hits you.
You die...

..o..........#.....#..#....#.##
..#...........................# #
#.##.#.........#..............###
...###.........................#.
..........................##.....
..........................#......
......#..........4...............
...............o.............#...
...............)@................
...............44..........<.#...
.................................
................................[
............)....................
.................................
........##.......................
.......##................).......
.................................


You could see a chaos spawn, an orc sorcerer, a red devil and a friendly orange
demon.

Vanquished Creatures
  A stone giant (Orc:1)
  A red draconian (Volcano)
  An ettin (Orc:1)
  4 hydras
  6 two-headed ogres
  An ogre mage (Volcano)
  An orc high priest (Orc:1)
  An ugly thing (D:11)
  2 orc sorcerers (Orc:2)
  3 elephants (Lair:2)
  Maurice (Orc:1)
  A black mamba (Lair:2)
  4 spiny frogs
  5 komodo dragons
  A polar bear (Lair:5)
  3 trolls (Orc:2)
  A queen bee (Lair:3)
  4 hippogriffs
  5 blink frogs
  Sigmund (D:5)
  A shadow (D:11)
  4 wyverns
  21 yaks
  A basilisk (Lair:1)
  3 hungry ghosts
  Grum (D:8)
  7 soldier ants (Lair:3)
  Duvessa (D:7)
  A naga (Lair:4)
  8 wargs
  6 water moccasins
  5 porcupines
  12 orc warriors
  A swamp drake (D:11)
  2 phantoms
  2 black bears
  3 ice beasts
  An eye of draining (D:11)
  A necrophage (D:11)
  4 ogres
  A centaur (D:7)
  9 crocodiles
  12 wolves
  A gnoll sergeant (D:9)
  10 bullfrogs
  6 scorpions
  Dowan (D:7)
  26 killer bees
  2 howler monkeys (D:11)
  A crimson imp (D:11)
  A centaur zombie (D:5)
  A quasit (D:6)
  A bullfrog zombie (D:9)
  A jelly (D:7)
  2 bullfrog skeletons
  4 hounds
  9 orc priests
  A centaur skeleton (D:6)
  11 orc wizards
  25 worker ants
  2 iguanas (Orc:1)
  A hound zombie (D:8)
  A hound skeleton (D:4)
  21 gnolls
  A howler monkey skeleton (D:5)
  11 adders
  2 shadow imps
  An ooze (D:3)
  A worm (D:4)
  3 dart slugs
  6 leopard geckos
  41 orcs
  A ball python (D:4)
  9 bats
  3 giant cockroaches
  5 goblins
  19 hobgoblins
  8 jackals
  4 quokkas (D:3)
  3 frilled lizards
  A giant cockroach zombie (D:5)
  10 kobolds
  A quokka zombie (D:9)
  9 rats
  2 butterflies
  5 fungi
428 creatures vanquished.

Vanquished Creatures (collateral kills)
  A hydra (Lair:4)
  A catoblepas (Lair:4)
  3 two-headed ogres (Volcano)
  A queen ant (Lair:3)
  An elephant (Lair:2)
  A black mamba (Lair:1)
  2 spiny frogs
  2 komodo dragons (Lair:1)
  2 trolls
  A blink frog (Lair:2)
  2 yaks
  A hungry ghost (D:8)
  2 wargs (D:9)
  A water moccasin (Lair:2)
  4 orc warriors
  3 porcupines
  2 ogres
  A phantom (D:7)
  A necrophage (D:9)
  A crocodile (Lair:1)
  A bullfrog (D:10)
  The ghost of Sapher the Grave Robber, a weakling GnNe (D:7)
  An orc priest (D:10)
  2 worker ants
  2 gnolls (Bailey)
  An adder (D:9)
  4 orcs
  2 goblins (D:11)
  A hobgoblin (Bailey)
  A jackal (D:3)
  3 fungi
52 creatures vanquished.

Vanquished Creatures (others)
  12 fungi
  5 plants
17 creatures vanquished.

Grand Total: 497 creatures vanquished

Notes
Turn   | Place    | Note
-------+----------+-------------------------------------------
     0 | D:1      | Jannitor the Vine Stalker Necromancer began the quest for the Orb.
     0 | D:1      | Reached XP level 1. HP: 9/9 MP: 4/4
   201 | D:1      | Learned a level 1 spell: Animate Skeleton
   280 | D:1      | Reached XP level 2. HP: 9/13 MP: 1/6
  1314 | D:2      | Reached XP level 3. HP: 15/16 MP: 7/7
  1660 | D:3      | Learned a level 3 spell: Regeneration
  1928 | D:3      | Gained mutation: Your natural rate of healing is unusually fast. [Vine Stalker growth]
  1928 | D:3      | Reached XP level 4. HP: 21/21 MP: 9/9
  2290 | D:4      | Reached XP level 5. HP: 13/24 MP: 0/11
  2291 | D:4      | Found Rauphu Hyde's Armour Emporium.
  2815 | D:4      | Reached skill level 5 in Necromancy
  2827 | D:4      | Reached skill level 1 in Fighting
  2827 | D:4      | Reached XP level 6. HP: 13/30 MP: 5/12
  3768 | D:5      | Entered Level 5 of the Dungeon
  3887 | D:5      | Noticed a black bear
  3889 | D:5      | Noticed Sigmund
  3923 | D:4      | Learned a level 3 spell: Vampiric Draining
  4018 | D:5      | Reached XP level 7. HP: 19/34 MP: 10/14
  4156 | D:5      | Killed Sigmund
  4488 | D:5      | Found a staircase to the Ecumenical Temple.
  4587 | Temple   | Entered the Ecumenical Temple
  4643 | Temple   | Became a worshipper of Makhleb the Destroyer
  5054 | D:6      | Reached skill level 5 in Spellcasting
  5054 | D:6      | Gained mutation: You have razor-sharp teeth. [Vine Stalker growth]
  5054 | D:6      | Reached XP level 8. HP: 38/40 MP: 14/16
  5877 | D:7      | Noticed Dowan
  5878 | D:7      | Noticed Duvessa
  5904 | D:7      | Killed Dowan
  5921 | D:7      | Killed Duvessa
  6033 | D:7      | Noticed Sapher's ghost (weakling GnNe)
  6043 | D:7      | Killed Sapher's ghost
  6078 | D:7      | Found a glowing golden altar of the Shining One.
  6078 | D:7      | Found a bloodstained altar of Trog.
  7301 | D:7      | Learned a level 5 spell: Borgnjor's Vile Clutch
  7379 | D:7      | HP: 1/42 [wolf[Grum] (4)]
  7563 | D:7      | Reached * piety under Makhleb
  7676 | D:7      | Reached skill level 5 in Dodging
  7676 | D:7      | Reached XP level 9. HP: 43/46 MP: 6/19
  7776 | D:8      | Noticed Grum
  7793 | D:8      | Reached skill level 1 in Axes
  7945 | D:8      | Killed Grum
  7974 | D:8      | Reached skill level 2 in Axes
  8195 | D:8      | Found the +5 scythe "Finisher" {speed, Str+3}
  8573 | D:9      | Noticed a two-headed ogre
  8598 | D:9      | Killed a two-headed ogre
  8598 | D:9      | Reached skill level 4 in Axes
  8753 | D:9      | Reached skill level 5 in Axes
  8753 | D:9      | Reached XP level 10. HP: 28/51 MP: 11/22
  8792 | D:9      | Found a staircase to the Lair.
  8834 | D:9      | Reached ** piety under Makhleb
  9026 | D:10     | Entered Level 10 of the Dungeon
  9232 | D:10     | Reached skill level 6 in Axes
  9298 | D:10     | Noticed Erolcha
  9737 | D:10     | Reached skill level 7 in Axes
 10080 | Lair:1   | Entered Level 1 of the Lair of Beasts
 10142 | Lair:1   | Noticed a six-headed hydra
 10167 | Lair:1   | Killed a six-headed hydra
 10167 | Lair:1   | Reached skill level 1 in Earth Magic
 10167 | Lair:1   | Reached XP level 11. HP: 54/54 MP: 5/24
 10198 | Lair:1   | Reached skill level 8 in Axes
 10607 | Lair:1   | Reached skill level 5 in Fighting
 10620 | Lair:1   | Reached *** piety under Makhleb
 11038 | Lair:1   | Reached skill level 9 in Axes
 11168 | Lair:1   | Noticed a four-headed hydra
 11245 | Lair:1   | Reached skill level 1 in Invocations
 11577 | Lair:2   | Found a staircase to the Swamp.
 11806 | Lair:2   | Reached **** piety under Makhleb
 11806 | Lair:2   | Gained mutation: You heal very quickly. [Vine Stalker growth]
 11806 | Lair:2   | Reached XP level 12. HP: 41/61 MP: 8/25
 12699 | Lair:2   | Reached skill level 10 in Axes
 12912 | Lair:3   | Reached skill level 5 in Earth Magic
 12991 | Lair:3   | Reached skill level 1 in Shields
 13330 | Lair:3   | Noticed a four-headed hydra
 13475 | Lair:3   | Identified a scroll of acquirement
 13927 | Lair:3   | Reached ***** piety under Makhleb
 14045 | Lair:3   | Noticed a queen ant
 14054 | Lair:3   | Killed a queen ant
 14409 | Lair:4   | Noticed a catoblepas
 14421 | Lair:4   | Killed a catoblepas
 14466 | Lair:4   | Found a staircase to the Snake Pit.
 14561 | Lair:4   | Noticed a four-headed hydra
 14601 | Lair:4   | Noticed a four-headed hydra
 14610 | Lair:4   | Killed a four-headed hydra
 14677 | Lair:4   | Noticed a seven-headed hydra
 14818 | Lair:4   | Killed a seven-headed hydra
 14854 | Lair:4   | Noticed a six-headed hydra
 14859 | Lair:4   | Killed a six-headed hydra
 14859 | Lair:4   | Reached skill level 11 in Axes
 15244 | Lair:5   | Found a staircase to the Slime Pits.
 15476 | Lair:5   | Reached skill level 5 in Invocations
 15496 | Lair:5   | Reached XP level 13. HP: 42/67 MP: 8/26
 15990 | Lair:6   | Entered Level 6 of the Lair of Beasts
 16424 | D:11     | Found a flagged portal.
 16444 | Bailey   | Entered a bailey
 16770 | D:11     | Got a pair of ancient gloves
 16781 | D:11     | Identified the +0 pair of gloves of Otoixa {Regen+ rCorr Str+2} (You acquired it on level 11 of the Dungeon)
 16985 | D:11     | Found a staircase to the Orcish Mines.
 17111 | D:11     | Reached skill level 1 in Armour
 17622 | Orc:1    | Entered Level 1 of the Orcish Mines
 17622 | Orc:1    | Noticed a stone giant
 17634 | Orc:1    | Killed a stone giant
 17685 | Orc:1    | Found a roughly hewn altar of Beogh.
 17699 | Orc:1    | Found a bloodstained altar of Trog.
 17756 | Orc:1    | Reached ****** piety under Makhleb
 17777 | Orc:1    | Found a dark tunnel.
 17786 | Volcano  | Entered a volcano
 17825 | Volcano  | Found a radiant altar of Vehumet.
 17878 | Volcano  | Noticed a red draconian
 17888 | Volcano  | Killed a red draconian
 18023 | Volcano  | Reached skill level 12 in Axes
 18023 | Volcano  | Reached skill level 5 in Shields
 18192 | Orc:1    | Noticed an ettin
 18202 | Orc:1    | Killed an ettin
 18443 | Orc:1    | Noticed Maurice
 18451 | Orc:1    | Killed Maurice
 18653 | Orc:2    | Entered Level 2 of the Orcish Mines
 18815 | Orc:2    | Found Qeusor's General Store.
 18878 | Orc:2    | Paralysed by an orc sorcerer for 4 turns
 19155 | Orc:2    | Bought a potion of mutation for 136 gold pieces
 19155 | Orc:2    | Gained mutation: Your spells are a little harder to cast, but a little more powerful. [potion of mutation]
 19155 | Orc:2    | Gained mutation: You occasionally shout uncontrollably at your foes. [potion of mutation]
 19155 | Orc:2    | Gained mutation: Your system is resistant to poisons. (rPois) [potion of mutation]
 19156 | Orc:2    | Lost mutation: Your spells are a little harder to cast, but a little more powerful. [potion of mutation]
 19156 | Orc:2    | Lost mutation: You occasionally shout uncontrollably at your foes. [potion of mutation]
 19156 | Orc:2    | Lost mutation: Your system is resistant to poisons. (rPois) [potion of mutation]
 19156 | Orc:2    | Gained mutation: You are frail. (-10% HP) [potion of mutation]
 19156 | Orc:2    | Gained mutation: You are clumsy. (Dex -2) [potion of mutation]
 19156 | Orc:2    | Lost mutation: You are clumsy. (Dex -2) [potion of mutation]
 19157 | Orc:2    | Lost mutation: You are frail. (-10% HP) [potion of mutation]
 19157 | Orc:2    | Gained mutation: You passively map a small area around you. [potion of mutation]
 19157 | Orc:2    | Gained mutation: You have a somewhat thin skeletal structure. (Dex +2, Stealth) [potion of mutation]
 19157 | Orc:2    | Gained mutation: You have large cloven feet. [potion of mutation]
 19180 | Orc:2    | Found a staircase to the Elven Halls.
 19216 | Orc:2    | Reached XP level 14. HP: 74/74 MP: 24/27
 19248 | Orc:2    | Found Emmy's Antique Weapon Boutique.
 19451 | Orc:2    | Found Nugaw's Jewellery Boutique.
 19452 | Orc:2    | Noticed an orc warlord
 19583 | Orc:2    | Found Yladilam's Antique Armour Emporium.
 19813 | Orc:2    | Paralysed by an orc sorcerer for 6 turns
 19817 | Orc:2    | HP: 1/74 [orc sorcerer/bolt of fire (23)]
 19818 | Orc:2    | Slain by a chaos spawn

Skill      XL: |  1  2  3  4  5  6  7  8  9 10 11 12 13 |
---------------+----------------------------------------+-----
Dodging        | 2 3 4 5 |  5.0
Spellcasting   | 3 4 5 6 7 8 |  8.5
Necromancy     | 5 6 7 8 9 |  9.4
Fighting       | 1 3 4 6 7 8 |  8.4
Axes           | 5 7 9 11 12 | 12.2
Earth Magic    | 1 4 6 |  6.3
Invocations    | 2 5 6 |  6.5
Shields        | 3 5 |  5.8
Armour         | 2 |  2.8
Stealth        | |  2.8

Action                   |  1- 3 |  4- 6 |  7- 9 | 10-12 | 13-15 || total
-------------------------+-------+-------+-------+-------+-------++-------
Melee: Unarmed           |     9 |       |       |       |       ||     9
       Bite              |    17 |    47 |    73 |   151 |   109 ||   397
       Dagger            |    65 |   185 |   205 |       |       ||   455
       Broad axe         |       |       |    80 |       |       ||    80
       War axe           |       |       |    14 |   581 |   341 ||   936
       Kick              |       |       |       |       |    11 ||    11
 Cast: Pain              |    21 |     5 |     6 |       |       ||    32
       Animate Skeleton  |     1 |    12 |    14 |    51 |    60 ||   138
       Regeneration      |     1 |     6 |    15 |    35 |    18 ||    75
       Vampiric Draining |       |       |    13 |     9 |     4 ||    26
       Borgnjor's Vile C |       |       |       |    20 |    24 ||    44
Invok: Lesser Servant of |       |       |       |     1 |     5 ||     6
Evoke: Wand              |       |       |     4 |     6 |     2 ||    12
  Use: Potion            |       |     2 |     2 |     2 |     4 ||    10
       Scroll            |       |    10 |     7 |     7 |    14 ||    38
 Stab: Sleeping          |     4 |     6 |     4 |     7 |     4 ||    25
       Distracted        |       |     1 |       |     3 |     2 ||     6
       Confused          |       |       |       |       |     1 ||     1
  Eat: Chunk             |     3 |     8 |     9 |    22 |    20 ||    62
       Ration            |       |       |     3 |     3 |     3 ||     9
Armor: Robe              |    13 |    18 |    84 |    12 |       ||   127
       Leather armour    |       |       |       |   143 |    42 ||   185
       Skin              |       |       |       |    62 |       ||    62
       Troll leather arm |       |       |       |       |    21 ||    21
Dodge: Dodged            |    41 |   104 |   292 |   504 |   191 ||  1132
Block: Buckler           |       |       |       |    47 |    55 ||   102
       Shield            |       |       |       |       |    73 ||    73
